 Dungeon Crawl Stone Soup version 0.26-a0-830-g2a559e7be2 (webtiles) character file.

Game seed: 18269062428364329251

262 Riddle the Magician (level 5, -4/38 HPs)
             Began as a Draconian Fire Elementalist on Nov 15, 2020.
             Slain by an orc wizard
             ... wielding a +0 dagger
              (5 damage)
             ... on level 5 of the Dungeon.
             The game lasted 00:03:53 (5089 turns).

Riddle the Magician (Draconian Fire Elementalist)   Turns: 5089, Time: 00:03:54

Health: -4/38      AC:  6    Str: 10    XL:     5   Next: 97%
Magic:  4/11       EV: 11    Int: 17    God:
Gold:   306        SH:  3    Dex: 11    Spells: 11/12 levels left

rFire    . . .     SeeInvis +   g - +0 dagger (speed)
rCold    . . .     Faith    .   o - +0 buckler
rNeg     . . .     Spirit   .   (armour unavailable)
rPois    .         Reflect  .   (helmet restricted)
rElec    .         Harm     .   n - +0 cloak
rCorr    .         Rampage  .   (no gloves)
MR       .....                  (no boots)
Stlth    ++........             (no amulet)
HPRegen  0.12/turn              j - ring of see invisible
MPRegen  0.12/turn              (no ring)

@: no status effects
A: unfitting armour, cold-blooded, AC +5
a: no special abilities


You were on level 5 of the Dungeon.
You visited 2 branches of the dungeon, and saw 6 of its levels.

You collected 306 gold pieces.

Inventory:

Hand Weapons
 g - a +0 dagger of speed (weapon)
Armour
 n - a +0 cloak (worn)
 o - a +0 buckler (worn)
Jewellery
 j - a ring of see invisible (left hand)
Scrolls
 a - 6 scrolls of identify {unknown}
 b - 7 scrolls of remove curse {unknown}
 c - 2 scrolls of fear {unknown}
 f - a scroll of blinking {unknown}
 h - a scroll of immolation {unknown}
 k - 2 scrolls of enchant armour {unknown}
Potions
 d - 2 potions of lignification {unknown}
 e - a potion of magic {unknown}
 i - 3 potions of curing {unknown}
 l - a potion of attraction {unknown}
 m - a potion of brilliance {unknown}


   Skills:
 - Level 1.7 Dodging
 - Level 1.7 Stealth
 + Level 0.4 Shields
 + Level 4.3 Spellcasting
 + Level 4.1 Conjurations
 - Level 3.0 Fire Magic


You had 11 spell levels left.
You knew the following spells:

 Your Spells              Type           Power        Failure   Level
a - Foxfire               Conj/Fire      ###.         5%          1

Your spell library contained the following spells:

 Spells                   Type           Power        Failure   Level
 Conjure Flame            Conj/Fire      ###.....     17%         3
 Inner Flame              Hex/Fire       #.......     36%         3
 Sticky Flame             Conj/Fire      ###.....     50%         4
 Fireball                 Conj/Fire      ###.......   83%         5


Dungeon Overview and Level Annotations

Branches:
Dungeon (5/15)             Temple (1/1) D:4

Altars:
Ashenzari
Dithmenos
Elyvilon
Fedhas
Hepliaklqana
Kikubaaqudgha
Makhleb
Nemelex Xobeh
Ru
Sif Muna
Trog
Uskayaw
Vehumet
Wu Jian
Xom
Yredelemnul
Zin
The Shining One
Lugonu


Innate Abilities, Weirdness & Mutations

Your plain brown scales are hard. (AC +5)
You cannot fit into any form of body armour.
You are cold-blooded and may be slowed by cold attacks.


Message History

The orc hits you with a +0 flail.
* * * LOW HITPOINT WARNING * * *
The orc wizard hits you but does no damage.
Unknown command.
Casting: Foxfire (safe; 5% risk of failure)
Confirm with . or Enter, or press ? or * to list all spells.
You conjure some foxfire!
The orc barely misses you.
The orc wizard hits you but does no damage.
The foxfire hits the orc but does no damage.
The orc is lightly wounded.
The foxfire hits the orc but does no damage.
The orc is lightly wounded.
The orc wizard hits you but does no damage.
Unknown command.
Casting: Foxfire (safe; 5% risk of failure)
Confirm with . or Enter, or press ? or * to list all spells.
You conjure some foxfire!
The orc hits you with a +0 flail.
* * * LOW HITPOINT WARNING * * *
The orc wizard hits you with a +0 dagger.
You die...

############
#......>...#
#.########.# #.#
######.# ### #.#
#....vo### ..# #.#
#....v@oo#
..#####.########o#.#
..'.........>....#.#
..##########.###.#.#
..# ..#o# .## (.#o#
.###### #.##.#
......###.# .. .#
..........#


You could see an orc priest, an orc wizard (invisible) and 2 orcs.

Vanquished Creatures
  A scorpion (D:4)
  A hound (D:4)
  An orc wizard (D:5)
  5 adders
  An ooze (D:1)
  5 worms
  A dart slug (D:1)
  4 leopard geckos
  10 orcs
  6 bats
  4 giant cockroaches
  7 goblins
  7 hobgoblins
  6 jackals
  2 quokkas (D:3)
  5 frilled lizards
  5 kobolds
  A quokka skeleton (D:2)
  7 rats
79 creatures vanquished.

Vanquished Creatures (others)
  358 foxfires
358 creatures vanquished.

Grand Total: 437 creatures vanquished

Notes
Turn   | Place    | Note
-------+----------+-------------------------------------------
     0 | D:1      | Riddle the Draconian Fire Elementalist began the quest for
                  | the Orb.
     0 | D:1      | Reached XP level 1. HP: 14/14 MP: 3/3
   532 | D:1      | Reached XP level 2. HP: 13/20 MP: 0/5
  1205 | D:2      | Found a shadowy altar of Dithmenos.
  1214 | D:2      | Reached XP level 3. HP: 24/26 MP: 1/7
  1450 | D:2      | Found a sacrificial altar of Ru.
  1760 | D:2      | Found a shimmering altar of Xom.
  2174 | D:2      | Reached XP level 4. HP: 33/33 MP: 6/8
  2966 | D:3      | Found a sparkling altar of Nemelex Xobeh.
  3494 | D:4      | Found an ornate altar of the Wu Jian Council.
  3558 | D:4      | Found a shimmering blue altar of Sif Muna.
  3724 | D:4      | Found a broken altar of Ashenzari.
  3864 | D:4      | Found a staircase to the Ecumenical Temple.
  3963 | Temple   | Entered the Ecumenical Temple
  4068 | D:4      | Found a bloodstained altar of Trog.
  4091 | D:4      | Reached XP level 5. HP: 24/38 MP: 5/10
  4854 | D:4      | Found a basalt altar of Yredelemnul.
  4891 | D:4      | Found a hide-covered altar of Uskayaw.
  5037 | D:5      | Entered Level 5 of the Dungeon
  5089 | D:5      | HP: 1/38 [orc/+0 flail (5)]
  5089 | D:5      | Slain by an orc wizard

Illustrated notes

Levels and vault maps discovered:
D:1:      dpeg_arrival_tiny_j, layout_loops_ring, minmay_misc_feat_more_columns,
          hex_tiny, minmay_hexomino_p4
D:2:      layout_loops_ring, lemuel_round_altar, lemuel_doored_altar,
          marbit_many_paths
D:3:      layout_basic, general_overflow_altar, gup_sewer_entry_spiral
D:4:      layout_cave_pods, kennysheep_little_box, lemuel_round_altar,
          nicolae_overflow_hidden_temple, lemuel_crystal_altar,
          cheibrodos_ashenzari_chains, old_standard_altar,
          minmay_temple_entry_poolview
D:5:      layout_basic, serial_shops, nicolae_shop_trees, uniq_sigmund
Temple:   corrupted_temple

Skill      XL: |  1  2  3  4  5 |
---------------+----------------+-----
Conjurations   | 2 3 4 |  4.1
Spellcasting   | 3 4 |  4.3
Dodging        | |  1.7
Stealth        | |  1.7
Shields        | |  0.4
Fire Magic     | |  3.0

Action                   |  1- 3 |  4- 6 || total
-------------------------+-------+-------++-------
Melee: Tailslap          |     3 |       ||     3
       Unarmed           |     1 |       ||     1
       Dagger            |     6 |     9 ||    15
 Cast: Foxfire           |    85 |   141 ||   226
Armor: Skin              |    15 |    16 ||    31
Dodge: Dodged            |    40 |    21 ||    61
Block: Buckler           |       |     1 ||     1

Table legend: (Time is in decaauts)
 A = Elapsed time spent in this place.
 B = Non-inter-level travel time spent in this place.
 C = Inter-level travel time spent in this place.
 D = Time resting spent in this place.
 E = Time spent auto-exploring this place.
 F = Levels seen in this place.
 G = Mean time per level.
                   A        B        C        D        E       F      G
               +--------+--------+--------+--------+--------+-----+--------+
         Total |   5122 |   4962 |    160 |    116 |   4162 |   6 |  853.7 |
       Dungeon |   5045 |   4897 |    148 |    116 |   4109 |   5 | 1009.0 |
        Temple |     77 |     65 |     12 |      0 |     53 |   1 |   77.0 |
               +--------+--------+--------+--------+--------+-----+--------+

Top non-repeatable levels by time:
     D:4: 1476 daAuts
     D:2: 1254 daAuts
     D:1: 1137 daAuts
     D:3: 1125 daAuts
  Temple: 77 daAuts
     D:5: 50 daAuts
